TOP OF THE 1ST |
Jacksonville Suns batting - Pitching for Montgomery Rebels : RHP William Bellomo
|
Pitching: RHP William Bellomo
|
|
Batting: RHB Lyle Brackenridge
|
0-0: Swinging Strike 0-1: Fly out, F6 (Line Drive, 6, EV 68.8 MPH)
|
Batting: SHB Joe Morales
|
0-0: Ground out 4-3 (Groundball, 34, EV 101.9 MPH)
|
Batting: LHB Andy Carlton
|
0-0: Ball 1-0: Called Strike 1-1: Called Strike 1-2: Foul Ball, location: 2F 1-2: DOUBLE (Flyball, 78D, EV 102.5 MPH)
|
Batting: RHB Edward Packard
|
0-0: Called Strike 0-1: Ball 1-1: Foul Ball, location: 2F 1-2: Ball 2-2: Strikes out swinging
|
Top of the 1st over - 0 runs, 1 hit, 0 errors, 1 left on base; Jacksonville 0 - Montgomery 0 |
BOTTOM OF THE 1ST |
Montgomery Rebels batting - Pitching for Jacksonville Suns : LHP Tom Browning
|
Pitching: LHP Tom Browning
|
|
Batting: SHB Arthur Fischetti
|
0-0: Ball 1-0: Called Strike 1-1: Ball 2-1: Ball 3-1: Bunt missed! 3-2: Foul Ball, location: 2F 3-2: DOUBLE (Line Drive, 89D, EV 106.3 MPH)
|
Batting: RHB Glenn Williams
|
0-0: Called Strike 0-1: Ball 1-1: Hit by Pitch
|
Batting: LHB Greg Brock
|
0-0: Ball 1-0: Ball 2-0: Called Strike 2-1: Ball 3-1: Foul Ball, location: 2F 3-2: Base on Balls Arthur Fischetti to third Glenn Williams to second
|
Batting: LHB Dwayne Murphy
|
0-0: Ball 1-0: Called Strike 1-1: Swinging Strike 1-2: Strikes out looking
|
Batting: RHB Roberto Palacios
|
0-0: Swinging Strike 0-1: Called Strike 0-2: Ball 1-2: Foul Ball, location: 2F 1-2: Ball Wild Pitch! Arthur Fischetti scores Glenn Williams to third Greg Brock to second 2-2: Foul Ball, location: 2F 2-2: Ball 3-2: Foul Ball, location: 2F 3-2: Strikes out swinging
|
Batting: RHB Jeff Schumaker
|
0-0: Ball 1-0: Ball 2-0: Ball 3-0: Called Strike 3-1: Foul Ball, location: 2F 3-2: Ground out 6-3 (Groundball, 6, EV 85.6 MPH)
|
Bottom of the 1st over - 1 run, 1 hit, 0 errors, 2 left on base; Jacksonville 0 - Montgomery 1 |
TOP OF THE 2ND |
Jacksonville Suns batting - Pitching for Montgomery Rebels : RHP William Bellomo
|
Batting: LHB Pete M O'Brien
|
0-0: Ball 1-0: Ground out 6-3 (Groundball, 6, EV 105.0 MPH)
|
Batting: LHB Dave Baker
|
0-0: SINGLE (Line Drive, 89S, EV 98.1 MPH)
|
Batting: LHB Michael Kelly
|
0-0: Grounds into double play, 4-6-3 (Groundball, 4, EV 103.8 MPH)
|
Top of the 2nd over - 0 runs, 1 hit, 0 errors, 0 left on base; Jacksonville 0 - Montgomery 1 |
BOTTOM OF THE 2ND |
Montgomery Rebels batting - Pitching for Jacksonville Suns : LHP Tom Browning
|
Batting: LHB Dave Hudgens
|
0-0: Ball 1-0: Fly out, F7 (Flyball, 7D, EV 93.8 MPH)
|
Batting: SHB Mike Thorpe
|
0-0: Ball 1-0: Swinging Strike 1-1: Ball 2-1: Ground out 6-3 (Groundball, 6, EV 88.8 MPH)
|
Batting: LHB Michael Shinn
|
0-0: Ball 1-0: Swinging Strike 1-1: Ball 2-1: Ball 3-1: Base on Balls
|
Batting: SHB Arthur Fischetti
|
0-0: Ball 1-0: Foul Ball, location: 2F 1-1: Called Strike 1-2: Ball 2-2: Ball 3-2: Base on Balls Michael Shinn to second
|
Batting: RHB Glenn Williams
|
0-0: Called Strike 0-1: Ball 1-1: Ball 2-1: Foul Ball, location: 2F 2-2: Ball 3-2: Foul Ball, location: 2F 3-2: SINGLE (Groundball, 6MD, EV 102.5 MPH) Michael Shinn to third Arthur Fischetti to second Michael Shinn scores Arthur Fischetti to third
|
Batting: LHB Greg Brock
|
0-0: Ball 1-0: Fly out, F4 (Line Drive, 4, EV 75.6 MPH)
|
Bottom of the 2nd over - 1 run, 1 hit, 0 errors, 2 left on base; Jacksonville 0 - Montgomery 2 |
TOP OF THE 3RD |
Jacksonville Suns batting - Pitching for Montgomery Rebels : RHP William Bellomo
|
Batting: RHB Mark Nocciolo
|
0-0: Ball 1-0: Ball 2-0: Fly out, F9 (Line Drive, 9, EV 96.9 MPH)
|
Batting: RHB Henry Powell
|
0-0: Foul Ball, location: 2F 0-1: Foul Ball, location: 2F 0-2: SINGLE (Groundball, 56D, EV 109.4 MPH)
|
Batting: RHB Lyle Brackenridge
|
0-0: Foul Ball, location: 2F 0-1: TRIPLE (Line Drive, 89XD, EV 103.1 MPH) Henry Powell scores
|
Batting: SHB Joe Morales
|
0-0: Called Strike 0-1: Foul Ball, location: 2F 0-2: Fly out, F8 (Flyball, 8RS, EV 90.6 MPH)
|
Batting: LHB Andy Carlton
|
0-0: Called Strike 0-1: SINGLE (Line Drive, 34D, EV 103.1 MPH) Lyle Brackenridge scores
|
Batting: RHB Edward Packard
|
0-0: Called Strike 0-1: Swinging Strike 0-2: Ball 1-2: Ball 2-2: Fly out, F4 (Flyball, 4D, EV 94.4 MPH)
|
Top of the 3rd over - 2 runs, 3 hits, 0 errors, 1 left on base; Jacksonville 2 - Montgomery 2 |
BOTTOM OF THE 3RD |
Montgomery Rebels batting - Pitching for Jacksonville Suns : LHP Tom Browning
|
Batting: LHB Dwayne Murphy
|
0-0: Ball 1-0: Ball 2-0: Swinging Strike 2-1: Ball 3-1: Base on Balls
|
Batting: RHB Roberto Palacios
|
0-0: Ball 1-0: Swinging Strike 1-1: Foul Ball, location: 2F 1-2: Fly out, F9 (Flyball, 9S, EV 84.4 MPH)
|
Batting: RHB Jeff Schumaker
|
0-0: Ball 1-0: Foul Ball, location: 2F 1-1: Swinging Strike 1-2: SINGLE (Groundball, 25, EV 71.3 MPH) (infield hit) Dwayne Murphy to second
|
Batting: LHB Dave Hudgens
|
0-0: Fly out, F7 (Line Drive, 7, EV 97.5 MPH)
|
Batting: SHB Mike Thorpe
|
0-0: Ball 1-0: Foul Ball, location: 2F 1-1: Ball 2-1: SINGLE (Groundball, 25, EV 66.9 MPH) (infield hit) Dwayne Murphy to third Jeff Schumaker to second
|
Batting: LHB Michael Shinn
|
0-0: Called Strike 0-1: Called Strike 0-2: Foul Ball, location: 2F 0-2: Ball 1-2: Ball 2-2: Ball 3-2: Strikes out swinging
|
Bottom of the 3rd over - 0 runs, 2 hits, 0 errors, 3 left on base; Jacksonville 2 - Montgomery 2 |
TOP OF THE 4TH |
Jacksonville Suns batting - Pitching for Montgomery Rebels : RHP William Bellomo
|
Batting: LHB Pete M O'Brien
|
0-0: Ball 1-0: Fly out, F7 (Flyball, 7S, EV 93.1 MPH)
|
Batting: LHB Dave Baker
|
0-0: Ball 1-0: Fly out, F9 (Line Drive, 9, EV 103.1 MPH)
|
Batting: LHB Michael Kelly
|
0-0: Ball 1-0: Foul Ball, location: 2F 1-1: Foul Ball, location: 2F 1-2: Strikes out looking
|
Top of the 4th over - 0 runs, 0 hits, 0 errors, 0 left on base; Jacksonville 2 - Montgomery 2 |
BOTTOM OF THE 4TH |
Montgomery Rebels batting - Pitching for Jacksonville Suns : LHP Tom Browning
|
Batting: SHB Arthur Fischetti
|
0-0: Ball 1-0: Ball 2-0: Ball 3-0: Called Strike 3-1: Foul Ball, location: 2F 3-2: Base on Balls
|
Batting: RHB Glenn Williams
|
0-0: Ball 1-0: Called Strike 1-1: Swinging Strike 1-2: Strikes out swinging
|
Batting: LHB Greg Brock
|
0-0: Called Strike 0-1: Ball 1-1: Ball 2-1: Ball 3-1: Foul Ball, location: 2F 3-2: Strikes out swinging
|
Batting: LHB Dwayne Murphy
|
0-0: Called Strike 0-1: Ball 1-1: Fly out, F9 (Flyball, 89M, EV 80.0 MPH)
|
Bottom of the 4th over - 0 runs, 0 hits, 0 errors, 1 left on base; Jacksonville 2 - Montgomery 2 |
TOP OF THE 5TH |
Jacksonville Suns batting - Pitching for Montgomery Rebels : RHP William Bellomo
|
Batting: RHB Mark Nocciolo
|
0-0: Called Strike 0-1: Ground out 6-3 (Groundball, 56D, EV 78.8 MPH)
|
Batting: RHB Henry Powell
|
0-0: Swinging Strike 0-1: Ball 1-1: Ball 2-1: Foul Ball, location: 2F 2-2: Strikes out looking
|
Batting: RHB Lyle Brackenridge
|
0-0: Ground out U3 (Groundball, 3S, EV 80.6 MPH)
|
Top of the 5th over - 0 runs, 0 hits, 0 errors, 0 left on base; Jacksonville 2 - Montgomery 2 |
BOTTOM OF THE 5TH |
Montgomery Rebels batting - Pitching for Jacksonville Suns : LHP Tom Browning
|
Batting: RHB Roberto Palacios
|
0-0: Called Strike 0-1: Fly out, F9 (Flyball, 9D, EV 97.5 MPH)
|
Batting: RHB Jeff Schumaker
|
0-0: Fly out, F8 (Flyball, 8LM, EV 78.8 MPH)
|
Batting: LHB Dave Hudgens
|
0-0: Ball 1-0: Called Strike 1-1: Foul Ball, location: 2F 1-2: Fly out, F8 (Flyball, 78S, EV 85.6 MPH)
|
Bottom of the 5th over - 0 runs, 0 hits, 0 errors, 0 left on base; Jacksonville 2 - Montgomery 2 |
TOP OF THE 6TH |
Jacksonville Suns batting - Pitching for Montgomery Rebels : RHP William Bellomo
|
Batting: SHB Joe Morales
|
0-0: Ball 1-0: Foul Ball, location: 2F 1-1: Swinging Strike 1-2: Foul Ball, location: 2F 1-2: Ball 2-2: SINGLE (Groundball, 4MD, EV 97.5 MPH)
|
Batting: LHB Andy Carlton
|
0-0: Ball 1-0: Ball 2-0: Called Strike 2-1: Grounds into double play, 6-4-3 (Groundball, 6, EV 103.1 MPH)
|
Batting: RHB Edward Packard
|
0-0: Called Strike 0-1: Called Strike 0-2: Foul Ball, location: 2F 0-2: Ball 1-2: Ball 2-2: Ball 3-2: Reached on error, E3 (Groundball, 34, EV 97.5 MPH)
|
Batting: LHB Pete M O'Brien
|
0-0: Ball 1-0: Ball 2-0: Ball 3-0: Called Strike 3-1: Fly out, F6 (Line Drive, 6, EV 66.9 MPH)
|
Top of the 6th over - 0 runs, 1 hit, 1 error, 1 left on base; Jacksonville 2 - Montgomery 2 |
BOTTOM OF THE 6TH |
Montgomery Rebels batting - Pitching for Jacksonville Suns : LHP Tom Browning
|
Batting: SHB Mike Thorpe
|
0-0: Called Strike 0-1: Foul Ball, location: 2F 0-2: Strikes out swinging
|
Batting: LHB Michael Shinn
|
0-0: Called Strike 0-1: Ball 1-1: SOLO HOME RUN (Flyball, 9D, EV 90.6 MPH), Distance : 364 ft
|
Batting: SHB Arthur Fischetti
|
0-0: Foul Ball, location: 2F 0-1: Swinging Strike 0-2: Foul Ball, location: 2F 0-2: Ball 1-2: TRIPLE (Flyball, 8LXD, EV 85.0 MPH)
|
Batting: RHB Glenn Williams
|
0-0: Called Strike 0-1: Ball 1-1: Called Strike 1-2: Strikes out swinging
|
Batting: LHB Greg Brock
|
0-0: Called Strike 0-1: Swinging Strike 0-2: Strikes out swinging
|
Bottom of the 6th over - 1 run, 2 hits, 0 errors, 1 left on base; Jacksonville 2 - Montgomery 3 |
TOP OF THE 7TH |
Jacksonville Suns batting - Pitching for Montgomery Rebels : RHP William Bellomo
|
Batting: LHB Dave Baker
|
0-0: Foul Ball, location: 2F 0-1: Ground out 4-3 (Groundball, 4, EV 104.4 MPH)
|
Batting: LHB Michael Kelly
|
0-0: Ball 1-0: Foul Ball, location: 2F 1-1: Called Strike 1-2: Foul Ball, location: 2F 1-2: Ground out 4-3 (Groundball, 4, EV 81.3 MPH)
|
Batting: RHB Mark Nocciolo
|
0-0: Ball 1-0: Swinging Strike 1-1: Foul Ball, location: 2F 1-2: Foul Ball, location: 2F 1-2: Foul Ball, location: 2F 1-2: Ball 2-2: Foul Ball, location: 2F 2-2: Strikes out swinging
|
Top of the 7th over - 0 runs, 0 hits, 0 errors, 0 left on base; Jacksonville 2 - Montgomery 3 |
BOTTOM OF THE 7TH |
Montgomery Rebels batting - Pitching for Jacksonville Suns : LHP Tom Browning
|
Batting: LHB Dwayne Murphy
|
0-0: Swinging Strike 0-1: SINGLE (Flyball, 89S, EV 93.8 MPH)
|
Batting: RHB Roberto Palacios
|
0-0: Ball 1-0: Swinging Strike 1-1: Ball 2-1: Foul Ball, location: 2F 2-2: Ball 3-2: SINGLE (Line Drive, 89S, EV 106.9 MPH) Dwayne Murphy to second
|
Batting: RHB Jeff Schumaker
|
0-0: Bunted foul 0-1: Bunted foul 0-2: Fly out, F9 (Flyball, 9LM, EV 103.1 MPH) Runner from 2nd tags up, SAFE at 3rd, no throw by RF
|
Batting: LHB Dave Hudgens
|
0-0: Called Strike 0-1: Called Strike 0-2: Ball Wild Pitch! Dwayne Murphy scores Roberto Palacios to second 1-2: Ball 2-2: Ball 3-2: Intentional Walk
|
Batting: SHB Mike Thorpe
|
0-0: Foul Ball, location: 2F 0-1: Ball 1-1: Grounds into double play, 6-4-3 (Groundball, 6M, EV 78.8 MPH)
|
Bottom of the 7th over - 1 run, 2 hits, 0 errors, 1 left on base; Jacksonville 2 - Montgomery 4 |
TOP OF THE 8TH |
Jacksonville Suns batting - Pitching for Montgomery Rebels : RHP William Bellomo
|
Batting: RHB Henry Powell
|
0-0: Swinging Strike 0-1: Ball 1-1: Ball 2-1: Foul Ball, location: 2F 2-2: Foul Ball, location: 2F 2-2: Ground out U3 (Groundball, 34S, EV 85.0 MPH)
|
Batting: RHB Lyle Brackenridge
|
0-0: Ball 1-0: Foul Ball, location: 2F 1-1: Called Strike 1-2: Ground out U3 (Groundball, 13, EV 85.0 MPH)
|
Batting: SHB Joe Morales
|
0-0: Ball 1-0: Ball 2-0: Foul Ball, location: 2F 2-1: Ball 3-1: Foul Ball, location: 2F 3-2: Base on Balls
|
Batting: LHB Andy Carlton
|
0-0: Fielders Choice at 2nd, U6 (Groundball, 6M, EV 81.3 MPH)
|
Top of the 8th over - 0 runs, 0 hits, 0 errors, 1 left on base; Jacksonville 2 - Montgomery 4 |
BOTTOM OF THE 8TH |
Montgomery Rebels batting - Pitching for Jacksonville Suns : LHP Tom Browning
|
Batting: LHB Michael Shinn
|
0-0: DOUBLE (Flyball, 89D, EV 97.5 MPH)
|
Batting: SHB Arthur Fischetti
|
0-0: Ball 1-0: Foul Ball, location: 2F 1-1: Foul Ball, location: 2F 1-2: Ball 2-2: Foul Ball, location: 2F 2-2: Ball 3-2: Ground out 3-1 (Groundball, 13, EV 77.5 MPH) Michael Shinn to third
|
Batting: RHB Glenn Williams
|
0-0: Ball 1-0: Ball Wild Pitch! Michael Shinn scores 2-0: Ball 3-0: Called Strike 3-1: Base on Balls
|
Pitching: RHP Tim Crews
|
|
Batting: LHB Greg Brock
|
0-0: Grounds into double play, 4-6-3 (Groundball, 4, EV 100.6 MPH)
|
Bottom of the 8th over - 1 run, 1 hit, 0 errors, 0 left on base; Jacksonville 2 - Montgomery 5 |
TOP OF THE 9TH |
Jacksonville Suns batting - Pitching for Montgomery Rebels : RHP William Bellomo
|
Batting: RHB Edward Packard
|
0-0: SINGLE (Groundball, 6MD, EV 96.3 MPH)
|
Batting: LHB Pete M O'Brien
|
0-0: Ball 1-0: Ball 2-0: Ball 3-0: Base on Balls Edward Packard to second
|
Pitching: RHP Mackasey Lee
|
|
Batting: LHB Dave Baker
|
0-0: Called Strike 0-1: Grounds into double play, 4-6-3 (Groundball, 4, EV 90.0 MPH) Edward Packard to third
|
Batting: LHB Michael Kelly
|
0-0: Ground out U3 (Groundball, 3, EV 86.3 MPH)
|
Top of the 9th over - 0 runs, 1 hit, 0 errors, 1 left on base; Jacksonville 2 - Montgomery 5 |
|